 Dungeon Crawl Stone Soup version 0.21-a0-401-g0b6bec4 (webtiles) character file.

221 tidbits the Charmwright (level 5, 2/43 HPs)
             Began as a Gnoll Skald on Oct 21, 2017.
             Quit the game on level 3 of the Dungeon.
             The game lasted 00:09:38 (894 turns).

tidbits the Charmwright (Gnoll Skald)                Turns: 894, Time: 00:09:38

Health: 2/43       AC: 12    Str: 13    XL:     5   Next: 98%
Magic:  3/12       EV: 13    Int: 17    God:
Gold:   107        SH:  0    Dex: 14    Spells: 3/14 levels left

rFire    . . .     SeeInvis .   a - +0 hand axe
rCold    . . .     Gourm    .   (no shield)
rNeg     . . .     Faith    .   B - +0 ring mail
rPois    .         Spirit   .   E - +1 helmet
rElec    .         Reflect  .   (no cloak)
rCorr    .         Harm     .   (no gloves)
MR       .....                  F - +2 pair of boots
Stlth    +.........             (no amulet)
HPRegen  0.14/turn              (no ring)
MPRegen  0.13/turn              (no ring)

@: singing, slowed, very slow
A: distributed training, fangs 1, icy blue scales 1, screaming 1, sturdy frame
1, strong nose
a: no special abilities


You were on level 3 of the Dungeon.
You were not hungry.

You visited 1 branch of the dungeon, and saw 4 of its levels.

You collected 107 gold pieces.

Inventory:

Hand Weapons
 a - a +0 hand axe (weapon)
 g - a +2 dagger of electrocution
   (You took it off an orc on level 3 of the Dungeon)
 n - a +0 blowgun
 q - a -3 war axe
Missiles
 e - 47 sling bullets
 f - 52 stones (quivered)
 l - 5 curare-tipped needles
Armour
 b - a +0 leather armour
 B - a +0 ring mail (worn)
 E - a +1 helmet (worn)
 F - a +2 pair of boots (worn)
Scrolls
 h - a scroll of enchant armour
 j - a scroll of fog {unknown}
 m - 2 scrolls of identify {unknown}
 o - 2 scrolls of immolation {unknown}
 r - 3 scrolls of remove curse
Potions
 k - a potion of mutation {!q}
Books
 c - a book of Battle

   Spells                             Type                      Level
   a - Infusion                       Charms                       1
   b - Shroud of Golubria             Charms/Translocation         2
   c - Song of Slaying                Charms                       2
   d - Spectral Weapon                Hexes/Charms                 3
   e - Regeneration                   Charms/Necromancy            3
Comestibles
 d - a bread ration
 i - 2 royal jellies
 p - 2 meat rations


   Skills:
 + Level 4.8 Fighting
 + Level 1.6 Short Blades
 + Level 1.6 Long Blades
 + Level 4.8 Axes
 + Level 1.6 Maces & Flails
 + Level 1.6 Polearms
 + Level 1.6 Staves
 + Level 1.6 Slings
 + Level 1.6 Bows
 + Level 1.6 Crossbows
 + Level 1.6 Throwing
 + Level 3.1 Armour
 + Level 4.8 Dodging
 + Level 1.6 Stealth
 + Level 1.6 Shields
 + Level 1.6 Unarmed Combat
 + Level 5.2 Spellcasting
 + Level 1.3 Conjurations
 + Level 1.3 Hexes
 + Level 5.6 Charms
 + Level 1.3 Summonings
 + Level 1.3 Necromancy
 + Level 1.3 Translocations
 + Level 1.3 Transmutations
 + Level 1.3 Fire Magic
 + Level 1.3 Ice Magic
 + Level 1.3 Air Magic
 + Level 1.3 Earth Magic
 + Level 1.3 Poison Magic
 + Level 1.9 Invocations
 + Level 1.6 Evocations


You had 3 spell levels left.
You knew the following spells:

 Your Spells              Type           Power        Failure   Level  Hunger
g - Shroud of Golubria    Chrm/Tloc      ###.......   8%          2    #......
i - Infusion              Chrm           ###.         1%          1    None
r - Regeneration          Chrm/Necr      ###.......   14%         3    ###....
w - Spectral Weapon       Hex/Chrm       ###.....     14%         3    ###....
y - Song of Slaying       Chrm           ###.....     3%          2    #......


Dungeon Overview and Level Annotations

Branches:
Dungeon (4/15)
 Temple: D:4-7

Altars:
Gozag
Uskayaw
Beogh

Annotations:
D:4 Grinder


Innate Abilities, Weirdness & Mutations

Your experience applies equally to all skills.
You have very sharp teeth.
Your uncanny sense of smell can sniff out nearby items.
You are partially covered in icy blue scales. (AC +2)
You occasionally shout uncontrollably at your foes.
Your movements are slightly less encumbered by armour. (ER -2)


Message History

A frilled lizard, an orc, an orc priest and 2 orc wizards come into view.
The orc wizard shouts!
You hear a shout!
The orc wizard casts a spell.
The orc wizard blinks!
The orc wizard gestures wildly while chanting.
The orc wizard blinks!
The orc moves out of view.
The frilled lizard hisses angrily.
The orc priest shouts!
Found 46 gold pieces.
Found a roughly hewn altar of Beogh.
An orc comes into view. It is wielding a dagger.
The orc shouts!
The orc wizard gestures wildly while chanting.
The orc wizard seems to speed up.
The orc closely misses you.
Found 18 gold pieces.
There is an open door here.
Unknown command.
Casting: Regeneration
Confirm with . or Enter, or press ? or * to list all spells.
You start singing a song of slaying.
The orc priest mumbles some strange prayers to Beogh against you.
Beogh smites you!
The orc wizard gestures at you while chanting.
The magic dart hits you! The orc hits you but does no damage.
Casting: Song of Slaying
Confirm with . or Enter, or press ? or * to list all spells.
You draw out your weapon's spirit!
The frilled lizard closely misses you.
The orc priest mumbles some strange prayers to Beogh against you.
Beogh smites you!
* * * LOW HITPOINT WARNING * * *
The orc wizard gestures at you while chanting.
The magic dart hits your spectral weapon.
Your spectral weapon shares its damage with you!
* * * LOW HITPOINT WARNING * * *
You closely miss the frilled lizard. You barely miss the orc wizard.
The frilled lizard bites you but does no damage.
The orc wizard gestures wildly while chanting.
The orc wizard blinks!
You closely miss the frilled lizard. You hit the orc but do no damage.
You hit the orc wizard. The orc hits you but does no damage.
The frilled lizard misses you.
The orc wizard mumbles some strange words.
The orc wizard blinks!
The orc wizard misses you.
You barely miss the orc wizard. You hit the orc.
You barely miss the frilled lizard. You hit the orc.
Your spectral weapon hits the orc wizard.
The frilled lizard bites you but does no damage.
The orc completely misses you.
The orc wizard casts a spell.
The orc wizard seems to speed up.
You hit the orc wizard.
The orc wizard is severely wounded.
You hit the orc.
You kill the orc!
You miss the frilled lizard.
You hit the orc wizard but do no damage.
Your spectral weapon misses the orc wizard.
The orc wizard points at you and mumbles some strange words.
The magic dart hits you!
* * * LOW HITPOINT WARNING * * *
The frilled lizard barely misses you.
The orc wizard hits you but does no damage. x2
The orc wizard barely misses you. The frilled lizard closely misses you.
You barely miss the orc wizard.
The orc wizard is severely wounded.
You hit the orc priest but do no damage.
You hit the frilled lizard.
You kill the frilled lizard!
You hit the orc wizard but do no damage.
Your spectral weapon closely misses the orc wizard.
The orc wizard hits you but does no damage.
The orc priest hits you but does no damage.
You hit the orc wizard.
The orc wizard is almost dead.
You hit the orc priest. You hit the orc wizard. You barely miss the orc.
Your spectral weapon barely misses the orc wizard.
The orc wizard closely misses you. x2; The orc priest closely misses you.
The orc wizard mumbles some strange words.
The orc wizard blinks!
The orc closely misses you.
The orc wizard points at you and mumbles some strange words.
You feel yourself slow down.
Unknown command.
You barely miss the orc wizard.
The orc wizard is lightly wounded.
You closely miss the orc. You barely miss the orc priest.
The orc wizard hits you with a dagger.
* * * LOW HITPOINT WARNING * * *
The orc priest hits you with a mace.
* * * LOW HITPOINT WARNING * * *
The orc wizard hits you but does no damage.
You aren't carrying any items that you can evoke.
Unknown command.
Okay, then.
You barely miss the orc wizard.
The orc wizard is lightly wounded.
You hit the orc wizard.
You kill the orc wizard!
You hit the orc priest. The orc wizard completely misses you.
The orc priest closely misses you. The orc wizard closely misses you.
The orc hits you but does no damage.
The orc priest hits you but does no damage.
Are you sure you want to abandon this character and quit the game? (Confirm with "yes".)

#.. #.# ##.##
###########...##
............#..##
#.############..# ####
#....# ##.##...## ####.#
#.#o8.8$# #.### #(@o..._#
#...## ###o8$8$# ###..##
###.$$##
##..#######.########
####................)#
####>[.<#.........#######
....)####.........#
###### ##........#
#........#


You could see an orc priest, an orc wizard, an orc and a friendly spectral hand
axe.

Vanquished Creatures
  4 orc wizards (D:3)
  6 adders
  An ooze (D:2)
  A worm (D:2)
  A dart slug (D:3)
  A leopard gecko (D:2)
  8 orcs (D:3)
  2 ball pythons
  A giant cockroach (D:3)
  4 goblins
  3 hobgoblins
  5 jackals
  4 bats
  2 frilled lizards
  5 kobolds
  3 rats
51 creatures vanquished.

Vanquished Creatures (others)
  A bat (D:2)
1 creature vanquished.

Grand Total: 52 creatures vanquished

Notes
Turn   | Place    | Note
-------+----------+-------------------------------------------
     0 | D:1      | tidbits the Gnoll Skald began the quest for the Orb.
     0 | D:1      | Reached XP level 1. HP: 20/20 MP: 6/6
   154 | D:2      | Reached XP level 2. HP: 14/26 MP: 4/7
   161 | D:2      | Learned a level 2 spell: Song of Slaying
   164 | D:2      | Learned a level 2 spell: Shroud of Golubria
   210 | D:2      | Reached skill level 5 in Spellcasting
   210 | D:2      | Reached XP level 3. HP: 19/31 MP: 3/9
   221 | D:2      | Learned a level 3 spell: Regeneration
   225 | D:2      | Learned a level 3 spell: Spectral Weapon
   297 | D:2      | Reached skill level 1 in Invocations
   319 | D:2      | Reached skill level 1 in Short Blades
   319 | D:2      | Reached skill level 1 in Long Blades
   319 | D:2      | Reached skill level 1 in Maces & Flails
   319 | D:2      | Reached skill level 1 in Polearms
   319 | D:2      | Reached skill level 1 in Staves
   319 | D:2      | Reached skill level 1 in Slings
   319 | D:2      | Reached skill level 1 in Bows
   319 | D:2      | Reached skill level 1 in Crossbows
   319 | D:2      | Reached skill level 1 in Throwing
   319 | D:2      | Reached skill level 1 in Stealth
   319 | D:2      | Reached skill level 1 in Shields
   319 | D:2      | Reached skill level 1 in Unarmed Combat
   319 | D:2      | Reached skill level 1 in Evocations
   345 | D:2      | Reached XP level 4. HP: 30/38 MP: 2/11
   356 | D:2      | Found an opulent altar of Gozag.
   605 | D:3      | Reached skill level 1 in Conjurations
   605 | D:3      | Reached skill level 1 in Hexes
   605 | D:3      | Reached skill level 1 in Summonings
   605 | D:3      | Reached skill level 1 in Necromancy
   605 | D:3      | Reached skill level 1 in Translocations
   605 | D:3      | Reached skill level 1 in Transmutations
   605 | D:3      | Reached skill level 1 in Fire Magic
   605 | D:3      | Reached skill level 1 in Ice Magic
   605 | D:3      | Reached skill level 1 in Air Magic
   605 | D:3      | Reached skill level 1 in Earth Magic
   605 | D:3      | Reached skill level 1 in Poison Magic
   641 | D:3      | Reached XP level 5. HP: 37/43 MP: 3/12
   668 | D:3      | Found a hide-covered altar of Uskayaw.
   741 | D:3      | Gained mutation: You do not regenerate when monsters are visible. [potion of mutation]
   741 | D:3      | Gained mutation: Your system is resistant to poisons. (rPois) [potion of mutation]
   749 | D:3      | Reached skill level 3 in Armour
   833 | D:4      | Noticed Grinder
   855 | D:3      | Lost mutation: Your system is resistant to poisons. (rPois) [potion of mutation]
   855 | D:3      | Lost mutation: You do not regenerate when monsters are visible. [potion of mutation]
   855 | D:3      | Gained mutation: You occasionally shout uncontrollably at your foes. [potion of mutation]
   855 | D:3      | Gained mutation: You are partially covered in icy blue scales. (AC +2) [potion of mutation]
   855 | D:3      | Gained mutation: Your movements are slightly less encumbered by armour. (ER -2) [potion of mutation]
   882 | D:3      | Found a roughly hewn altar of Beogh.
   892 | D:3      | HP: 2/43 [orc priest/mace (5)]
   894 | D:3      | Quit the game

Vault maps used:
D:1:      kennysheep_arrival_forest, serial_curves, eino_curves_01,
          eino_curves_01
D:2:      grunt_temple_overflow_order_and_chaos_1, old_standard_altar
D:3:      eat_drink_and_be_merry_uskayaw, kennysheep_orc_chapel
D:4:      grunt_temple_overflow_growth_and_decay,
          minmay_temple_entry_enclosed_plants, first_bread,
          minmay_misc_feat_ornament, uniq_grinder, uniq_eustachio

Skill      XL: |  1  2  3  4  5 |
---------------+----------------+-----
Spellcasting   | 5 |  5.2
Invocations    | 1 |  1.9
Short Blades   | 1 |  1.6
Long Blades    | 1 |  1.6
Maces & Flails | 1 |  1.6
Polearms       | 1 |  1.6
Staves         | 1 |  1.6
Slings         | 1 |  1.6
Bows           | 1 |  1.6
Crossbows      | 1 |  1.6
Throwing       | 1 |  1.6
Stealth        | 1 |  1.6
Shields        | 1 |  1.6
Unarmed Combat | 1 |  1.6
Evocations     | 1 |  1.6
Conjurations   | 1 |  1.3
Hexes          | 1 |  1.3
Summonings     | 1 |  1.3
Necromancy     | 1 |  1.3
Translocations | 1 |  1.3
Transmutations | 1 |  1.3
Fire Magic     | 1 |  1.3
Ice Magic      | 1 |  1.3
Air Magic      | 1 |  1.3
Earth Magic    | 1 |  1.3
Poison Magic   | 1 |  1.3
Armour         | 3 |  3.1
Fighting       | |  4.8
Axes           | |  4.8
Dodging        | |  4.8
Charms         | |  5.6

Action                   |  1- 3 |  4- 6 || total
-------------------------+-------+-------++-------
Melee: Hand axe          |    32 |    68 ||   100
       Bite              |     2 |     5 ||     7
Throw: Stone             |       |     4 ||     4
 Cast: Infusion          |     4 |       ||     4
       Spectral Weapon   |     3 |    11 ||    14
       Regeneration      |       |     5 ||     5
       Song of Slaying   |       |     4 ||     4
  Use: Potion            |       |     4 ||     4
       Scroll            |       |     2 ||     2
  Eat: Fruit             |       |     3 ||     3
Armor: Leather armour    |    10 |    16 ||    26
       Ring mail         |       |    32 ||    32
Dodge: Dodged            |    29 |    76 ||   105

Table legend:
 A = Spawn XP
 B = Non-spawn XP
 C = Spawn XP percentage of total XP
 D = Spawn monster count
 E = Non-spawn monster count
 F = Spawn count percentage of total count
 G = Total turns spent on level
                    A         B        C        D         E        F      G
               +---------+---------+-------+---------+---------+-------+---------
         Total |       0 |     316 |   0.0 |       0 |      51 |   0.0 |   894
               +---------+---------+-------+---------+---------+-------+---------
           D:1 |       0 |      12 |   0.0 |       0 |       8 |   0.0 |   145
           D:2 |       0 |      93 |   0.0 |       0 |      15 |   0.0 |   408
           D:3 |       0 |     211 |   0.0 |       0 |      28 |   0.0 |   326
               +---------+---------+-------+---------+---------+-------+---------

Table legend:
 A = Turns spent in this place as a percentage of turns spent in the entire game.
 B = Non-inter-level travel turns spent in this place as a percentage of non-inter-level travel turns spent in the entire game.
 C = Inter-level travel turns spent in this place as a percentage of turns spent in this place.
 D = Turns resting spent in this place as a percentage of non-inter-level travel turns spent in this place.
 E = Turns spent auto-exploring this place as a percentage of non-inter-level travel turns spent in this place.
 F = Non-inter-level travel turns spent in this place divided by the number of levels of this place that you've seen.
                   A       B       C       D       E      F
               +-------+-------+-------+-------+-------+----------------------
         Total | 100.0 | 100.0 |   0.0 |   0.0 |   0.0 | 223.5
       Dungeon | 100.0 | 100.0 |   0.0 |   0.0 |   0.0 | 223.5
               +-------+-------+-------+-------+-------+----------------------

Table legend:
 A = Kills in this place as a percentage of kills in entire the game.
 B = Kills by you in this place as a percentage of kills by you in the entire game.
 C = Kills by friends in this place as a percentage of kills by friends in the entire game.
 D = Other kills in this place as a percentage of other kills in the entire game.
 E = Experience gained in this place as a percentage of experience gained in the entire game.
 F = Experience gained in this place divided by the number of levels of this place that you have seen.
                   A       B       C       D       E      F
               +-------+-------+-------+-------+-------+----------------------
         Total | 100.0 | 100.0 |   N/A |   N/A | 100.0 |  79.0
       Dungeon | 100.0 | 100.0 |   N/A |   N/A | 100.0 |  79.0
               +-------+-------+-------+-------+-------+----------------------

Vault maps used:
D:1:      kennysheep_arrival_forest, serial_curves, eino_curves_01,
          eino_curves_01
D:2:      grunt_temple_overflow_order_and_chaos_1, old_standard_altar
D:3:      eat_drink_and_be_merry_uskayaw, kennysheep_orc_chapel
D:4:      grunt_temple_overflow_growth_and_decay,
          minmay_temple_entry_enclosed_plants, first_bread,
          minmay_misc_feat_ornament, uniq_grinder, uniq_eustachio
